 Dungeon Crawl Stone Soup version 0.23-a0-565-g3e74e4c (webtiles) character file.

7 Lanoc the Grasshopper (level 2, 0/20 HPs)
             Began as a Merfolk Wanderer on Dec 13, 2018.
             Slain by a jackal (2 damage)
             ... on level 1 of the Dungeon.
             The game lasted 00:04:07 (175 turns).

Lanoc the Grasshopper (Merfolk Wanderer)             Turns: 175, Time: 00:04:08

Health: 0/20       AC:  2    Str: 13    XL:     2   Next: 0%
Magic:  5/5        EV: 11    Int:  9    God:
Gold:   21         SH:  0    Dex: 14    Spells: 4/5 levels left

rFire    . . .     SeeInvis .   (no weapon)
rCold    . . .     Gourm    .   (no shield)
rNeg     . . .     Faith    .   e - +0 robe
rPois    .         Spirit   .   (no helmet)
rElec    .         Reflect  .   (no cloak)
rCorr    .         Harm     .   (no gloves)
MR       .....                  (no boots)
Stlth    ++........             (no amulet)
HPRegen  0.06/turn              (no ring)
MPRegen  0.09/turn              (no ring)

@: no status effects
A: change form in water, swift swim, stealthy swim
a: no special abilities


You were on level 1 of the Dungeon.
You were not hungry.

You visited 1 branch of the dungeon, and saw 1 of its levels.

You collected 21 gold pieces.

Inventory:

Hand Weapons
 d - a +0 blowgun
Armour
 e - a +0 robe (worn)
Comestibles
 a - 2 chunks of flesh
 f - a ration


   Skills:
 + Level 0.8 Fighting
 - Level 1.0 Throwing
 - Level 1.1 Stealth
 + Level 2.1 Spellcasting
   Level 2.4 Translocations
 + Level 1.9 Transmutations
   Level 1.5 Air Magic


You had 4 spell levels left.
You knew the following spells:

 Your Spells              Type           Power        Failure   Level  Hunger
a - Beastly Appendage     Tmut           #.....       16%         1    ##.....

Your spell library contained the following spells:

 Spells                   Type           Power        Failure   Level  Hunger
 Shock                    Conj/Air       #...         24%         1    ##.....
 Swiftness                Chrm/Air       #.......     36%         2    ###....
 Spider Form              Tmut/Pois      #.........   56%         3    ####...
 Static Discharge         Conj/Air       #.......     58%         3    ####...
 Airstrike                Air            #.........   86%         4    #####..
 Lightning Bolt           Conj/Air       #.........   100%        5    ######.


Dungeon Overview and Level Annotations

Branches:
Dungeon (1/15)

Altars:


Message History

You closely miss the jackal.
The jackal is moderately wounded.
The jackal bites you.
* * * LOW HITPOINT WARNING * * *
The jackal barely misses you.
You aren't carrying any potions.
Unknown command.
As you read the scroll labeled PAHIRU UNLILAL, it crumbles to dust.
You feel blessed for a moment.
It was a scroll of remove curse.
The jackal bites you but does no damage.
You hit the jackal but do no damage.
The jackal is moderately wounded.
The jackal barely misses you.
You closely miss the jackal.
The jackal is moderately wounded.
The jackal closely misses you. The jackal completely misses you.
You hit the jackal.
The jackal is severely wounded.
The jackal bites you.
You die...

.##### # ############
.# #.# ..# .# #)# ..#
.# #.# #.#
.############ #.# ##.#
.....)......# #.#.##.#
#######.###.####.#.##.#
#.# #........##.#
#.###.####@####.#
#.....# #h####.########
###.### #h#.>.........#
#.# #b#(#.......#..#
#.# #b#.#......###....
#.# #h...รท......# .###
#.# #.#.#.....#...##
#.# #.#.....####.## #.#
#.#.)#### .#


You could see 3 jackals and 2 bats.

Vanquished Creatures
  A leopard gecko (D:1)
  3 hobgoblins (D:1)
  A rat (D:1)
5 creatures vanquished.

Notes
Turn   | Place    | Note
-------+----------+-------------------------------------------
     0 | D:1      | Lanoc the Merfolk Wanderer began the quest for the Orb.
     0 | D:1      | Lanoc set off with the following items: 10 poisoned
                  | needles, a +0 blowgun, a +0 robe, a ration; and the
                  | following spells available to memorise: Beastly Appendage,
                  | Shock, Swiftness, Spider Form, Static Discharge, Airstrike,
                  | Lightning Bolt
     0 | D:1      | Reached XP level 1. HP: 13/13 MP: 3/3
     3 | D:1      | Learned a level 1 spell: Beastly Appendage
   154 | D:1      | Reached XP level 2. HP: 7/20 MP: 5/5
   175 | D:1      | Slain by a jackal

Vault maps used:
D:1:      dpeg_arrival_signposts, minmay_pentomino_v2

Action                   || total
-------------------------++-------
Melee: Blowgun           ||     4
       Unarmed           ||    12
 Fire: Blowgun           ||    16
  Use: Scroll            ||     1
Armor: Robe              ||    17
Dodge: Dodged            ||    30

Table legend:
 A = Non-vault XP
 B = Vault XP
 C = Vault XP percentage of total XP
 D = Non-vault monster count
 E = Vault monster count
 F = Vault count percentage of total count
                 A         B        C        D         E       F
            +---------+---------+-------+---------+---------+-------
      Total |      10 |       0 |   0.0 |       5 |       0 |   0.0
            +---------+---------+-------+---------+---------+-------
        D:1 |      10 |       0 |   0.0 |       5 |       0 |   0.0
            +---------+---------+-------+---------+---------+-------
